 Dungeon Crawl Stone Soup version 0.31-a0-986-g5e6e4ef867 (webtiles) character file.

Game seed: 17535042645876879500

271 Demosthentine the Poker (level 6, -2/47 HPs)
             Began as a Demonspawn Gladiator on Nov 8, 2023.
             Slain by a sleepcap (15 damage)
             ... on level 4 of the Dungeon.
             The game lasted 00:02:52 (2328 turns).

Demosthentine the Poker (Demonspawn Gladiator)      Turns: 2328, Time: 00:02:52

Health: -2/47      AC:  8    Str: 16    XL:     6   Next: 2%
Magic:  6/6        EV:  2    Int:  9    God:
Gold:   238        SH:  0    Dex: 15    Spells: 5/5 levels left

rFire   . . .        a - +0 trident
rCold   . . .        (no shield)
rNeg    . . .        b - +0 leather armour
rPois   .            c - +0 helmet
rElec   .            i - +0 cloak
rCorr   .            h - +0 pair of gloves
SInv    .            (no boots)
Will    .....        (no amulet)
Stlth   +            (no ring)
HPRegen 0.27/turn    (no ring)
MPRegen 0.10/turn

%: no passive effects
@: sleeping
A: hooves 1, icy blue scales 1, foul stench 2
a: no special abilities


You were on level 4 of the Dungeon.
You visited 1 branch of the dungeon, and saw 4 of its levels.

You collected 238 gold pieces.

Inventory:

Hand Weapons
 a - a +0 trident (weapon)
Missiles
 d - 2 throwing nets (quivered)
 e - 7 javelins
Armour
 b - a +0 leather armour (worn)
 c - a +0 helmet (worn)
 h - a +0 pair of gloves (worn)
 i - a +0 cloak (worn)
Scrolls
 g - 3 scrolls of teleportation
 j - a scroll of fog
 n - a scroll of vulnerability
Potions
 l - 2 potions of curing
 m - 2 potions of degeneration {unknown}
 o - 2 potions of lignification


   Skills:
 + Level 3.6 Fighting
 + Level 3.8 Polearms
 - Level 1.7 Throwing
 + Level 2.4 Armour
 + Level 3.8 Dodging


You had 5 spell levels left.
You didn't know any spells.
Your spell library was empty.

Dungeon Overview and Level Annotations

Branches:
Dungeon (4/15)
 Temple: D:4-7

Altars:
Gozag
Sif Muna

Shops:
D:3 *

Annotations:
D:2 Natasha


Innate Abilities, Weirdness & Mutations

You have large cloven feet.
You are partially covered in icy blue scales. (AC +2)
You sometimes emit foul miasma when damaged in melee.


Message History

You hear some strange, mumbled words.
A magic dart appears from out of thin air!
The magic dart hits you!
You miss something.
You hear some strange, mumbled words.
You are confused.
You barely miss something. Something hits you but does no damage.
You barely miss something. Something hits you but does no damage.
Something barely misses you. Something hits you but does no damage.
There is a stone staircase leading up, spattered with blood here.
Something hits you but does no damage.
Unknown command.
Something hits you but does no damage.
You feel less confused.
You hear some strange, mumbled words.
A magic dart appears from out of thin air!
The magic dart hits you! Something hits you but does no damage.
You hit something.
You hear some strange, mumbled words.
Something tries to affect you, but you resist.
You closely miss something. Something hits you.
* * * LOW HITPOINT WARNING * * *
You closely miss something. Something hits you but does no damage.
You hit something.
Reactivating autopickup.
You feel a bit more experienced.
You have reached level 6!
Your demonic ancestry asserts itself...
Your feet thicken and deform.
You hit the sleepcap. You kick the sleepcap.
You punch the sleepcap, but do no damage.
The sleepcap is moderately damaged.
The sleepcap releases spores at you.
* * * LOW HITPOINT WARNING * * *
You are engulfed in a cloud of soporific spores!
You fall asleep.
The sleepcap releases spores at you!
You die...

#. #. #.## #...
#..# .#####..####
# ##
...........##.#...
..#...<)f.....#
###)##@##.### #
#.......# .##.
####รท#### ....###
#...# #.#....
#[).# ...S...
#...#
.......##...####
...~............#
.(......)........


You could see a sleepcap.

Vanquished Creatures
  Crazy Yiuf (D:2)
  An iguana (D:3)
  Natasha (twice) (D:2)
  2 orc wizards
  4 adders
  2 worms
  A dart slug (D:2)
  8 orcs
  5 endoplasms
  4 giant cockroaches
  3 goblins
  10 hobgoblins
  6 kobolds
  6 quokkas
  3 ball pythons
  6 bats
  A frilled lizard (D:3)
  7 rats
72 creatures vanquished.

Notes
Turn   | Place    | Note
-------+----------+-------------------------------------------
     0 | D:1      | Demosthentine the Demonspawn Gladiator began the quest for
                  | the Orb.
     0 | D:1      | Reached XP level 1. HP: 16/16 MP: 1/1
    93 | D:1      | Gained mutation: You are partially covered in icy blue
                  | scales. (AC +2) [demonic ancestry]
    93 | D:1      | Reached XP level 2. HP: 22/22 MP: 2/2
   305 | D:1      | Reached skill level 1 in Armour
   343 | D:1      | Gained mutation: You may rarely emit foul miasma when
                  | damaged in melee. [demonic ancestry]
   343 | D:1      | Reached XP level 3. HP: 26/28 MP: 3/3
   671 | D:2      | Identified the +5 whip of the Brewing Wolf {freeze, +Blink
                  | rC- rN+}
   812 | D:2      | Found a runed translucent door.
   813 | D:2      | Noticed Crazy Yiuf
   904 | D:2      | Found a shimmering blue altar of Sif Muna.
   904 | D:2      | Noticed Natasha
   916 | D:2      | Killed Natasha
   983 | D:2      | Reached XP level 4. HP: 34/34 MP: 4/4
  1092 | D:2      | Noticed Natasha
  1111 | D:2      | Killed Natasha
  1207 | D:2      | Noticed Natasha
  1337 | D:2      | Killed Crazy Yiuf
  1338 | D:2      | Gained mutation: You sometimes emit foul miasma when
                  | damaged in melee. [demonic ancestry]
  1338 | D:2      | Reached XP level 5. HP: 41/41 MP: 5/5
  1409 | D:3      | Found Gozag's Platinum Reserve.
  1414 | D:3      | Found an opulent altar of Gozag.
  2327 | D:4      | Gained mutation: You have large cloven feet. [demonic
                  | ancestry]
  2327 | D:4      | Reached XP level 6. HP: 14/47 MP: 6/6
  2328 | D:4      | Slain by a sleepcap

Illustrated notes

Levels and vault maps discovered:
D:1:      amcnicky_arrival_blooded_trapdoor, layout_rooms
D:2:      layout_basic, basic_altar, uniq_crazy_yiuf_cottage, uniq_natasha
D:3:      layout_loops_ring, nicolae_gozag_zags_fifth_avenue, hex_medium
D:4:      layout_loops_cross, minmay_temple_entry_glass, minmay_door_square,
          skrybe_limestone_x, nicolae_shop_vocational

Skill      XL: |  1  2  3  4  5 |
---------------+----------------+-----
Polearms       | 3 |  3.8
Armour         | 1 2 |  2.4
Dodging        | 3 |  3.8
Fighting       | 3 |  3.6
Throwing       | |  1.7

Action                     |  1- 3 |  4- 6 || total
---------------------------+-------+-------++-------
  Melee: Trident           |    98 |   141 ||   239
         Punch             |       |     2 ||     2
         Kick              |       |     1 ||     1
  Throw: Throwing net      |       |     1 ||     1
    Use: Scroll            |     5 |     5 ||    10
         Potion            |     1 |     1 ||     2
   Stab: Sleeping          |     1 |     1 ||     2
         Held in net/web   |       |     1 ||     1
 Armour: Leather armour    |    54 |    98 ||   152
  Dodge: Dodged            |    46 |    87 ||   133

Table legend: (Time is in decaauts)
 A = Elapsed time spent in this place.
 B = Non-inter-level travel time spent in this place.
 C = Inter-level travel time spent in this place.
 D = Time resting spent in this place.
 E = Time spent auto-exploring this place.
 F = Levels seen in this place.
 G = Mean time per level.
                   A        B        C        D        E       F      G
               +--------+--------+--------+--------+--------+-----+--------+
         Total |   2367 |   2336 |     31 |    183 |   1615 |   4 |  591.8 |
       Dungeon |   2367 |   2336 |     31 |    183 |   1615 |   4 |  591.8 |
               +--------+--------+--------+--------+--------+-----+--------+

Top non-repeatable levels by time:
     D:3: 913 daAuts
     D:2: 785 daAuts
     D:1: 596 daAuts
     D:4: 72 daAuts
